 Dungeon Crawl Stone Soup version 0.16.2-14-g7133f4a77c (webtiles) character file.

10481 faibistes the Thaumaturge (level 11, -1/54 HPs)
             Began as a Deep Elf Wizard on Sept 22, 2021.
             Was a High Priest of Sif Muna.
             Slain by an eight-headed hydra (7 damage)
             ... summoned by a shadow trap
             ... triggered by the player character
             ... on level 1 of the Lair of Beasts.
             The game lasted 01:09:29 (19272 turns).

faibistes the Thaumaturge (Deep Elf Wizard)        Turns: 19272, Time: 01:09:29

Health: -1/54      AC:  7    Str:  4    XL:     11   Next: 36%
Magic:  34/34      EV: 17    Int: 33    God:    Sif Muna [*****.]
Gold:   591        SH:  0    Dex: 13    Spells: 7 memorised, 18 levels left

rFire  . . .     SeeInvis .     w - +3 dagger (venom)
rCold  . . .     Clarity  .     a - +0 robe
rNeg   + . .     SustAb   .     (no shield)
rPois  .         Gourm    .     A - +1 helmet
rElec  .         Spirit   .     (no cloak)
rCorr  .         Warding  .     e - +1 pair of gloves
rMut   .         Stasis   .     T - +0 pair of boots
MR     +....                    (no amulet)
Stlth  ++........               F - +6 ring of intelligence
                                p - ring of positive energy

@: repel missiles, somewhat resistant to hostile enchantments, unstealthy
A: no striking features
a: Channel Energy, Forget Spell, Renounce Religion


You were on level 1 of the Lair of Beasts.
You worshipped Sif Muna.
Sif Muna was extremely pleased with you.
You were hungry.

You visited 3 branches of the dungeon, and saw 14 of its levels.
You also visited: Sewer.

You collected 591 gold pieces.

Inventory:

Hand weapons
 w - a +3 dagger of venom (weapon)
 G - a +2 dagger of draining
 W - a +4 trident of venom
Armour
 a - a +0 robe (worn)
 e - a +1 pair of gloves (worn)
 A - a +1 helmet (worn)
 T - a +0 pair of boots (worn)
Magical staves
 j - an uncursed staff of death
Jewellery
 o - an uncursed amulet of stasis
 p - a ring of positive energy (left hand)
 F - a +6 ring of intelligence (right hand)
 H - an uncursed ring of stealth
 I - an uncursed ring of ice
 L - an uncursed amulet of clarity {unknown}
Magical devices
 i - a wand of slowing (6)
 t - a wand of lightning (4)
 v - a wand of teleportation (7)
 y - a wand of draining (4)
 B - a wand of teleportation (5)
 E - a wand of lightning (7)
 J - a wand of magic darts (13)
 V - a wand of digging (8)
 Z - a wand of flame (27)
Scrolls
 b - 3 scrolls of identify
 k - a scroll of fog
 l - a scroll of enchant armour
 m - 4 scrolls of teleportation
 u - a scroll of fear
 z - 3 scrolls of immolation
 M - 2 scrolls of remove curse
 O - 4 scrolls of amnesia
 X - a scroll of recharging
Potions
 g - 3 potions of heal wounds
 n - 2 potions of cure mutation
 q - 4 potions of curing
 r - 3 potions of flight
 s - 2 potions of restore abilities
 x - a potion of cancellation
 C - 2 potions of ambrosia
 N - a potion of brilliance {unknown}
 P - a potion of magic {unknown}
 Q - a potion of haste {unknown}
 S - 2 potions of resistance
Books
 c - a book of Minor Magic

   Spells                             Type                      Level
   a - Magic Dart                     Conjuration                  1
   b - Blink                          Translocation                2
   c - Call Imp                       Summoning                    2
   d - Repel Missiles                 Charms/Air                   2
   e - Slow                           Hexes                        2
   f - Conjure Flame                  Conjuration/Fire             3
   g - Mephitic Cloud                 Conjuration/Poison/Air       3
 K - a book of Unlife

   Spells                             Type                      Level
   a - Recall                         Summoning/Translocation      3
   b - Animate Dead                   Necromancy                   4
   c - Control Undead                 Necromancy                   4
   d - Cigotuvi's Embrace             Necromancy                   5
   e - Death Channel                  Necromancy                   6
   f - Simulacrum                     Ice/Necromancy               6
 Y - a book of Battle

   Spells                             Type                      Level
   a - Infusion                       Charms                       1
   b - Shroud of Golubria             Charms/Translocation         2
   c - Song of Slaying                Charms                       2
   d - Spectral Weapon                Hexes/Charms                 3
   e - Regeneration                   Charms/Necromancy            3
Comestibles
 d - 12 bread rations
 f - 9 meat rations
 h - a fruit
 D - a royal jelly
 R - 6 beef jerkies
 U - 2 slices of pizza


   Skills:
 + Level 9.5 Dodging
 - Level 2.4 Stealth
 * Level 12.7 Spellcasting
 + Level 8.3 Conjurations
 - Level 1.1 Summonings
 - Level 4.2 Necromancy
 - Level 3.8 Translocations
 * Level 7.7 Fire Magic
 - Level 2.6 Air Magic
 - Level 2.3 Poison Magic
 + Level 5.8 Invocations


You had 18 spell levels left.
You knew the following spells:

 Your Spells              Type           Power        Failure   Level  Hunger
a - Magic Dart            Conj           ####         1%          1    None
b - Conjure Flame         Conj/Fire      ######..     1%          3    None
c - Call Imp              Summ           ####....     1%          2    None
d - Blink                 Tloc           N/A          1%          2    None
e - Mephitic Cloud        Conj/Pois/Air  ######..     1%          3    None
f - Repel Missiles        Chrm/Air       ####..       1%          2    None
g - Animate Dead          Necr           N/A          4%          4    None


Dungeon Overview and Level Annotations

Branches:
Dungeon (11/15)            Temple (1/1) D:4            Lair (2/8) D:8
    Orc (0/4) D:10

Altars:
Ashenzari
Cheibriados
Dithmenos
Elyvilon
Fedhas
Gozag
Kikubaaqudgha
Makhleb
Nemelex Xobeh
Okawaru
Qazlal
Ru
Sif Muna
Trog
Vehumet
Xom
Yredelemnul
Zin
The Shining One
Beogh

Shops:
D:4 }   D:6 %


Message History

The quokka dies!
The quokka's corpse disappears in a puff of smoke!
There is a dormant shadow trap here.
Something misses the adder.
The quokka completely misses you.
The adder bites your water moccasin zombie.
The quokka misses you.
Your fire drake zombie bites the adder.
Your water moccasin zombie misses the adder.
The adder misses your water moccasin zombie.
Your water moccasin zombie completely misses the adder.
Your fire drake zombie bites the adder.
There is a stone staircase leading down here.
The quokka barely misses you.
Your water moccasin zombie bites the adder.
The adder dies!
The adder's corpse disappears in a puff of smoke!
The eight-headed hydra bites you. The eight-headed hydra bites you!
The eight-headed hydra bites you! x3
* * * LOW HITPOINT WARNING * * *
The eight-headed hydra misses you. The eight-headed hydra bites you!
You die...

...##.#......# P#..
#....#Z......
##.####......#
##.###....#.Z..... ....
... ...###..##.....#+#####
....
....................... .
......................
................[....
#..#.+##............
#......#....######.#
....#..@r..#....P#######
........D.ยง.#....##.....#
....#....Z^Z....##.....#
... #......Z....#....... .
#......#.....#..ZZZ.
#...........###Z####
#......#.....##Z####
...+......+............
....#.###.##............


You could see an eight-headed hydra, a quokka, a friendly water moccasin zombie,
a friendly spiny frog zombie and a friendly fire drake zombie.

Vanquished Creatures
  Nergalle (Lair:1)
  Joseph (D:9)
  A kobold demonologist (Sewer)
  2 spiny frogs (Lair:1)
  A fire drake (Lair:1)
  A troll (D:10)
  Grinder (D:3)
  4 blink frogs (Lair:1)
  3 hippogriffs
  3 yaks (D:10)
  A wyvern (D:9)
  A deep elf fighter (D:8)
  A mottled dragon (D:11)
  3 water moccasins
  2 phantoms
  2 sky beasts (D:10)
  7 orc warriors
  2 ogres
  A wasp (D:9)
  An ice beast (D:6)
  4 big kobolds
  6 centaurs
  10 giant frogs
  4 crocodiles
  A water moccasin zombie (Lair:1)
  3 scorpions
  3 killer bees (D:10)
  A quasit (D:8)
  4 goliath beetles
  8 wights
  3 crimson imps
  A jelly (D:7)
  A centaur zombie (D:8)
  3 giant frog zombies
  6 orc priests
  2 centaur skeletons
  6 hounds
  5 iguanas
  12 orc wizards
  9 worker ants
  A killer bee zombie (D:8)
  3 big kobold zombies (Sewer)
  Ijyb (D:2)
  Jessica (D:3)
  A hound skeleton (D:4)
  2 hound zombies
  2 worker ant zombies
  Robin (D:3)
  12 adders
  11 gnolls
  4 river rats (D:8)
  7 shadow imps
  A giant mite (Sewer)
  3 worms
  4 ufetubi (Sewer)
  3 adder skeletons
  2 oozes
  59 orcs
  A bat skeleton (D:4)
  3 bat zombies
  21 goblins
  9 hobgoblins
  11 jackals
  3 quokkas
  2 ball pythons
  24 bats
  6 giant cockroaches
  10 giant geckos
  A giant mite zombie (Sewer)
  7 giant newts
  2 giant spores
  A jackal skeleton (D:5)
  2 jackal zombies (D:5)
  61 kobolds
  3 kobold zombies (Sewer)
  A quokka zombie (D:3)
  32 rats
  2 ballistomycetes
451 creatures vanquished.

Vanquished Creatures (collateral kills)
  A spiny frog (Lair:1)
  A blink frog (Lair:1)
  A water moccasin (Lair:1)
  A hound (D:3)
  An adder (Lair:1)
  A goblin (D:1)
  3 jackals (D:1)
  A quokka (Lair:1)
  A fungus (Lair:1)
11 creatures vanquished.

Vanquished Creatures (others)
  A blink frog zombie (Lair:1)
  An ogre (D:8)
  A blink frog skeleton (Lair:1)
  A big kobold (Sewer)
  A crimson imp (D:4)
  A shadow imp (D:4)
  A giant cockroach (D:4)
  A giant cockroach zombie (Sewer)
  2 kobold zombies (Sewer)
  6 fungi
  3 plants
19 creatures vanquished.

Grand Total: 481 creatures vanquished

Notes
Turn   | Place    | Note
--------------------------------------------------------------
     0 | D:1      | faibistes, the Deep Elf Wizard, began the quest for the Orb.
     0 | D:1      | Reached XP level 1. HP: 10/10 MP: 6/6
   169 | D:1      | Reached XP level 2. HP: 15/15 MP: 0/9
   173 | D:1      | Learned a level 2 spell: Blink
   176 | D:1      | Learned a level 2 spell: Call Imp
   584 | D:2      | Reached skill level 5 in Spellcasting
   808 | D:1      | Reached XP level 3. HP: 19/19 MP: 11/14
   813 | D:1      | Learned a level 3 spell: Conjure Flame
   817 | D:1      | Learned a level 3 spell: Mephitic Cloud
  1618 | D:3      | Noticed Jessica
  1630 | D:3      | Killed Jessica
  1630 | D:3      | Reached XP level 4. HP: 12/24 MP: 8/17
  1637 | D:3      | Noticed Grinder
  1657 | D:3      | Paralysed by Grinder for 6 turns
  1668 | D:3      | Paralysed by Grinder for 3 turns
  1779 | D:2      | Learned a level 2 spell: Repel Missiles
  1795 | D:3      | Paralysed by Grinder for 5 turns
  1798 | D:3      | Killed Grinder
  1798 | D:3      | Reached skill level 6 in Spellcasting
  1798 | D:3      | Reached XP level 5. HP: 9/28 MP: 15/21
  1798 | D:3      | Reached XP level 6. HP: 10/32 MP: 15/22
  2053 | D:3      | Reached skill level 7 in Spellcasting
  2126 | D:3      | Noticed Robin
  2144 | D:3      | Found a glowing drain.
  2148 | Sewer    | Entered a sewer
  2634 | Sewer    | Found a burning altar of Makhleb.
  2643 | Sewer    | Noticed an apprentice kobold demonologist
  2855 | Sewer    | Reached XP level 7. HP: 24/36 MP: 8/25
  2897 | Sewer    | Killed an apprentice kobold demonologist
  2897 | Sewer    | Reached skill level 8 in Spellcasting
  3373 | D:3      | Killed Robin
  3373 | D:3      | Reached skill level 5 in Dodging
  3585 | D:2      | Noticed Ijyb
  3606 | D:2      | Killed Ijyb
  4966 | D:3      | Found a glowing golden altar of the Shining One.
  5394 | D:4      | Found a staircase to the Ecumenical Temple.
  5460 | Temple   | Entered the Ecumenical Temple
  5547 | Temple   | Became a worshipper of Sif Muna the Loreminder
  5573 | D:5      | Entered Level 5 of the Dungeon
  6232 | D:4      | Found Udax's Gadget Emporium.
  6259 | D:4      | Reached skill level 1 in Air Magic
  6259 | D:4      | Reached XP level 8. HP: 39/41 MP: 23/27
  6523 | D:5      | Reached skill level 1 in Poison Magic
  7458 | D:5      | Reached skill level 5 in Conjurations
  7905 | D:5      | Found a shimmering altar of Xom.
  7953 | D:5      | Found a radiant altar of Vehumet.
  7988 | D:5      | Acquired Sif Muna's first power
  8888 | D:6      | Reached skill level 1 in Invocations
  9215 | D:6      | Found a blossoming altar of Fedhas.
  9519 | D:6      | Found a sacrificial altar of Ru.
  9706 | D:6      | Reached skill level 1 in Fire Magic
  9920 | D:6      | Reached skill level 9 in Spellcasting
 10050 | D:6      | Reached XP level 9. HP: 45/45 MP: 20/29
 10113 | D:6      | Found Stroduilo's Food Boutique.
 10761 | D:6      | Acquired Sif Muna's second power
 11364 | D:7      | Reached skill level 10 in Spellcasting
 11991 | D:7      | Found a shadowy altar of Dithmenos.
 13213 | D:8      | Reached XP level 10. HP: 18/50 MP: 1/31
 13440 | D:8      | Found a staircase to the Lair.
 13443 | D:8      | Reached skill level 5 in Fire Magic
 13531 | D:8      | Found a bloodstained altar of Trog.
 13549 | D:8      | Found an opulent altar of Gozag.
 13978 | D:10     | Entered Level 10 of the Dungeon
 14483 | D:9      | Reached skill level 11 in Spellcasting
 14952 | D:9      | Found an opulent altar of Gozag.
 15520 | D:9      | Noticed Joseph
 15530 | D:9      | Killed Joseph
 15665 | D:9      | Acquired Sif Muna's third power
 15855 | D:10     | Reached skill level 5 in Invocations
 16241 | D:10     | Identified a scroll of acquirement
 16257 | D:10     | Learned a level 4 spell: Animate Dead
 16547 | D:10     | Reached skill level 1 in Necromancy
 16624 | D:10     | Reached skill level 12 in Spellcasting
 17148 | D:10     | Reached XP level 11. HP: 54/54 MP: 8/34
 17572 | D:10     | Found a roughly hewn altar of Beogh.
 17575 | D:10     | Found a staircase to the Orcish Mines.
 17940 | Lair:1   | Entered Level 1 of the Lair of Beasts
 19221 | Lair:1   | Noticed Nergalle
 19240 | Lair:1   | Killed Nergalle
 19268 | Lair:1   | Noticed an eight-headed hydra
 19272 | Lair:1   | Slain by an eight-headed hydra

Action                   |  1- 3 |  4- 6 |  7- 9 | 10-12 || total
-------------------------+-------+-------+-------+-------++-------
Melee: Dagger            |     3 |    30 |    83 |   116 ||   232
       Trident           |       |       |    45 |    54 ||    99
 Cast: Magic Dart        |    75 |   112 |   601 |   421 ||  1209
       Call Imp          |     2 |       |     2 |       ||     4
       Mephitic Cloud    |     1 |     9 |    51 |    34 ||    95
       Conjure Flame     |       |     9 |    55 |    52 ||   116
       Repel Missiles    |       |     1 |     1 |     3 ||     5
       Blink             |       |     3 |    16 |    16 ||    35
       Animate Dead      |       |       |       |    11 ||    11
Invok: Channel Energy    |       |       |     8 |     4 ||    12
  Use: Scroll            |     4 |     1 |    18 |     2 ||    25
       Potion            |       |       |     3 |     2 ||     5
 Stab: Confused          |       |       |     6 |     8 ||    14
       Sleeping          |       |       |     1 |       ||     1
       Distracted        |       |       |       |     1 ||     1
  Eat: Chunk             |     2 |     3 |    29 |    17 ||    51
       Beef jerky        |       |       |     3 |       ||     3
       Fruit             |       |       |       |     2 ||     2
